 Seeded DCSS version 0.28-a0-1506-g3893175d92 (webtiles) character file.

Game seed: 16439858612063110674 (custom seed)

490 innerfire433 the Cudgeller (level 6, -1/53 HPs)
             Began as a Demonspawn Chaos Knight on Jan 13, 2022.
             Was a Plaything of Xom.
             Succumbed to a hornet's poison
             ... on level 4 of the Dungeon.
             The game lasted 00:07:51 (2804 turns).

innerfire433 the Cudgeller (DsCK)                   Turns: 2804, Time: 00:07:52

Health: -1/53      AC: 14    Str: 14      XL:     6   Next: 90%
Magic:  6/6        EV:  4    Int: 11 (12) God:    Xom [.....*]
Gold:   101        SH:  0    Dex: 10      Spells: 5/5 levels left

rFire   . . .      SeeInvis .   a - +3 mace (chaos)
rCold   + . .      Faith    .   (no shield)
rNeg    . . .      Spirit   .   j - +0 plate armour
rPois   .          Reflect  .   (helmet restricted)
rElec   .          Harm     .   (no cloak)
rCorr   .          Rampage  .   o - +0 pair of gloves
Will    +....                   (no boots)
Stlth   ..........              d - amulet of regeneration
HPRegen 0.97/turn               (no ring)
MPRegen 0.10/turn               (no ring)

@: lethally poisoned (-1 -> -22), slowed, very slow
A: antennae 2, hooves 2, demonic touch 1, iridescent scales 1, clumsy 1, cold
resistance 1, deterioration 1, dopey 1, strong-willed 1, robust 1
a: Renounce Religion


You were on level 4 of the Dungeon.
You worshipped Xom.
You were Xom's teddy bear.
You visited 1 branch of the dungeon, and saw 4 of its levels.

You collected 176 gold pieces.
You spent 75 gold pieces at shops.

Inventory:

Hand Weapons
 a - a +3 mace of chaos (weapon)
Missiles
 l - 2 throwing nets (quivered)
Armour
 b - a +2 leather armour
 j - a +0 plate armour (worn)
 o - a +0 pair of gloves (worn)
Jewellery
 d - an amulet of regeneration (around neck)
Scrolls
 e - 5 scrolls of teleportation
 f - 3 scrolls of identify
 n - 2 scrolls of fear
 q - a scroll of immolation
Potions
 c - 2 potions of berserk rage
 g - a potion of degeneration {unknown}
 h - a potion of mutation {unknown}
 i - a potion of ambrosia {unknown}
 p - a potion of attraction
Miscellaneous
 r - a phial of floods


   Skills:
 + Level 4.5 Fighting
 + Level 5.7 Maces & Flails
 + Level 3.1 Armour
 - Level 1.1 Dodging
 - Level 0.5 Stealth


You had 5 spell levels left.
You didn't know any spells.
Your spell library contained the following spells:

 Spells                   Type           Power      Damage    Failure   Level
 Animate Skeleton         Necr           0%         N/A       100%        1
 Apportation              Tloc           0%         N/A       100%        1
 Summon Small Mammal      Summ           0%         N/A       100%        1
 Stone Arrow              Conj/Erth      0%         3d7       100%        3
 Tukima's Dance           Hex            0%         N/A       100%        3
 Anguish                  Hex/Necr       0%         N/A       100%        4
 Animate Armour           Summ/Erth      0%         N/A       100%        4
 Enfeeble                 Hex            0%         N/A       100%        7
 Lehudib's Crystal Spear  Conj/Erth      0%         10d2      100%        8


Dungeon Overview and Level Annotations

Branches:
Dungeon (4/15)
 Temple: D:4-7

Altars:
Uskayaw

Shops:
D:2 ?

Annotations:
Abyss:1 Grinder


Innate Abilities, Weirdness & Mutations

You have a pair of antennae on your head.
You have hoof-like feet.
Your touch may inflict minor irresistible damage on your foes.
You are partially covered in iridescent scales. (AC +2)
You are clumsy. (Dex -2)
Your flesh is cold resistant. (rC+)
Your body sometimes deteriorates upon taking damage.
You are dopey. (Int -2)
You are strong-willed. (Will+)
You are robust. (+10% HP)


Message History

You feel as though you will be slow longer.
The hornet stings you.
* * * LOW HITPOINT WARNING * * *
You are more poisoned.
You feel as though you will be slow longer.
The spectral kobold hits you but does no damage.
The hornet stings you.
* * * LOW HITPOINT WARNING * * *
You are more poisoned.
You feel as though you will be slow longer.
You can move again.
You feel much better.
* * * LOW HITPOINT WARNING * * *
You feel extremely sick. The hornet stings you.
* * * LOW HITPOINT WARNING * * *
You are more poisoned.
You shrug off the repeated paralysis!
The hornet stings you!
* * * LOW HITPOINT WARNING * * *
You feel as though you will be slow longer.
The spectral kobold hits you but does no damage.
The hornet barely misses you. The kobold hits you but does no damage.
The hornet barely misses you.
It was a potion of cancellation.
Your magical effects are unravelling.
You feel magically purged.
You feel yourself speed up.
You die... "NOOOOOOO, not my teddy bear!"
Xom revives you!
The hornet stings you but does no damage. x2
The spectral kobold hits you but does no damage.
The kobold hits you but does no damage. The hornet stings you.
* * * LOW HITPOINT WARNING * * *
You feel yourself slow down. The hornet barely misses you.
The spectral kobold hits you but does no damage.
The kobold barely misses you. The hornet barely misses you.
You feel less attractive to monsters.
You die...
Xom is highly amused!

........# #.............#####
...######≈. #..................
...#...# #.. #..................
.......# #'###.............##.#.
.......# #....................#.
.......# #...................#.
.###...#####)..Kyy....###...#.###
.##............Z.................
................@.....##.....####
...................#####.....## #
.............###......##......# #
###..........# #......##>...#.# #
.##..........###..............###
...............##..............##
...............##.......#...#.##
...............##.............###
#....####...#...................#


You could see a spectral kobold, a hornet, a hornet shaped shifter and a kobold.

Vanquished Creatures
  Sigmund (D:3)
  A hound (D:4)
  2 adders
  4 gnolls (D:3)
  A worm (D:2)
  A dart slug (D:1)
  4 orcs (D:3)
  7 ball pythons
  5 endoplasms
  4 giant cockroaches
  2 goblins (D:4)
  5 hobgoblins
  8 jackals
  4 kobolds
  2 quokkas (D:2)
  3 bats
  A frilled lizard (D:3)
  4 rats
59 creatures vanquished.

Notes
Turn   | Place    | Note
-------+----------+-------------------------------------------
     0 | D:1      | innerfire433 the Demonspawn Chaos Knight began the quest
                  | for the Orb.
     0 | D:1      | Reached XP level 1. HP: 18/18 MP: 1/1
    57 | D:1      | XOM: potion effect (invisibility)
   156 | D:1      | XOM: divination: detect items
   186 | D:1      | Discovered your monstrous ancestry.
   186 | D:1      | Gained mutation: You have a pair of small antennae on your
                  | head. [demonic ancestry]
   186 | D:1      | Reached XP level 2. HP: 24/24 MP: 2/2
   365 | D:1      | XOM: noise
   419 | D:1      | Found a faded altar of an unknown god.
   476 | D:1      | XOM: stat loss: -1 Int (12/13)
   481 | D:1      | Reached skill level 3 in Maces & Flails
   627 | D:1      | XOM: give mutation
   627 | D:1      | Gained mutation: You are dopey. (Int -2) [Xom's mischief]
   717 | D:1      | XOM: give mutations
   717 | D:1      | Gained mutation: You are partially covered in iridescent
                  | scales. (AC +2) [Xom's mischief]
   717 | D:1      | Gained mutation: You are strong-willed. (Will+) [Xom's
                  | mischief]
   717 | D:1      | Gained mutation: You are clumsy. (Dex -2) [Xom's mischief]
   810 | D:2      | Reached skill level 1 in Dodging
   810 | D:2      | Gained mutation: You have large cloven feet. [demonic
                  | ancestry]
   810 | D:2      | Reached XP level 3. HP: 29/29 MP: 3/3
   836 | D:2      | Found a hide-covered altar of Uskayaw.
   875 | D:2      | XOM: cloud trail
  1053 | D:2      | Found Ezxexkui's Magic Scroll Shoppe.
  1369 | D:2      | Bought a scroll of enchant weapon for 75 gold pieces
  1398 | D:3      | XOM: confuse monster(s)
  1399 | D:3      | Gained mutation: Your touch may inflict minor irresistible
                  | damage on your foes. [demonic ancestry]
  1399 | D:3      | Reached XP level 4. HP: 36/37 MP: 4/4
  1479 | D:3      | XOM: cast spell 'Metabolic Englaciation'
  1486 | D:3      | XOM: divination: detect creatures
  1500 | D:3      | Noticed Grinder
  1503 | D:3      | XOM: potion effect (might)
  1504 | D:3      | Banished Grinder
  1505 | D:3      | Reached skill level 4 in Maces & Flails
  1505 | D:3      | Gained mutation: You have a pair of antennae on your head.
                  | [demonic ancestry]
  1505 | D:3      | Reached XP level 5. HP: 38/42 MP: 5/5
  1505 | D:3      | Gained mutation: You have hoof-like feet. [demonic
                  | ancestry]
  1505 | D:3      | Reached XP level 6. HP: 43/48 MP: 6/6
  1651 | D:3      | Noticed Sigmund
  1652 | D:3      | XOM: enchant monster (bad)
  1671 | D:3      | Killed Sigmund
  1672 | D:3      | Reached skill level 5 in Maces & Flails
  2032 | D:3      | XOM: give mutations
  2032 | D:3      | Gained mutation: Your flesh is cold resistant. (rC+) [Xom's
                  | grace]
  2032 | D:3      | Gained mutation: You are robust. (+10% HP) [Xom's grace]
  2039 | D:3      | XOM: give mutation
  2039 | D:3      | Gained mutation: Your body sometimes deteriorates upon
                  | taking damage. [Xom's mischief]
  2447 | D:4      | XOM: god gift: phial of floods
  2791 | D:4      | XOM: scenery: 1 doors open
  2793 | D:4      | Noticed a shapeshifter
  2793 | D:4      | a howler monkey changed into a shapeshifter
  2793 | D:4      | Noticed a hornet
  2793 | D:4      | a shapeshifter changed into a hornet
  2795 | D:4      | Paralysed by a hornet for 1 turns
  2799 | D:4      | XOM: scenery: 1 doors close
  2799 | D:4      | Paralysed by a hornet for 3 turns
  2799 | D:4      | Noticed a hornet
  2802 | D:4      | HP: 1/53 [hornet (shapeshifter) (9)]
  2803 | D:4      | Xom revived you
  2804 | D:4      | Succumbed to a hornet's poison

Illustrated notes

Levels and vault maps discovered:
D:1:      minmay_arrival_shattered_statue, layout_basic,
          hellmonk_ecumenical_altar_pennies_from_heaven, dk_noncrumbling_3
D:2:      layout_rooms, serial_shops, nicolae_shop_behind_doors, basic_altar
D:3:      layout_basic, uniq_grinder, uniq_sigmund
D:4:      layout_basic, nicolae_hepliaklqana_monster_ancestors

Skill      XL: |  1  2  3  4  5  6 |
---------------+-------------------+-----
Armour         | 2 3 |  3.1
Maces & Flails | 3 4 5 |  5.7
Dodging        | 1 |  1.1
Fighting       | 4 |  4.5
Stealth        | |  0.5

Action                   |  1- 3 |  4- 6 || total
-------------------------+-------+-------++-------
Melee: Mace              |   107 |    65 ||   172
       Punch             |     4 |       ||     4
       Kick              |     9 |    12 ||    21
       Touch             |       |     5 ||     5
  Use: Scroll            |     4 |     5 ||     9
       Potion            |       |     5 ||     5
 Stab: Confused          |     1 |     2 ||     3
       Invisible         |     1 |       ||     1
       Sleeping          |     1 |       ||     1
Armor: Leather armour    |    54 |    10 ||    64
       Plate armour      |       |    23 ||    23
Dodge: Dodged            |    91 |    27 ||   118

Table legend: (Time is in decaauts)
 A = Elapsed time spent in this place.
 B = Non-inter-level travel time spent in this place.
 C = Inter-level travel time spent in this place.
 D = Time resting spent in this place.
 E = Time spent auto-exploring this place.
 F = Levels seen in this place.
 G = Mean time per level.
                   A        B        C        D        E       F      G
               +--------+--------+--------+--------+--------+-----+--------+
         Total |   2847 |   2754 |     93 |      0 |   1863 |   4 |  711.8 |
       Dungeon |   2847 |   2754 |     93 |      0 |   1863 |   4 |  711.8 |
               +--------+--------+--------+--------+--------+-----+--------+

Top non-repeatable levels by time:
     D:3: 1057 daAuts
     D:1: 763 daAuts
     D:2: 598 daAuts
     D:4: 428 daAuts
